 Dungeon Crawl Stone Soup version 0.27.0-1-g7a089689b8 (webtiles) character file.

Game seed: 5474019987892912796

42 dolemite99 the Cutter (level 3, 0/30 HPs)
             Began as a Djinni Wanderer on Aug 9, 2021.
             Was a Follower of Trog.
             Slain by a gnoll (6 damage)
             ... on level 1 of the Dungeon.
             The game lasted 00:01:52 (2212 turns).

dolemite99 the Cutter (Djinni Wanderer)             Turns: 2212, Time: 00:01:52

Health: 0/30       AC:  5    Str:  8    XL:     3   Next: 77%
Gold:   74         EV:  9    Int: 13    God:    Trog [*.....] SH:  0 Dex: 16

rFire    + + .     SeeInvis .   n - +2 dagger (holy)
rCold    . . .     Faith    .   (no shield)
rNeg     . . .     Spirit   .   d - +0 ring mail
rPois    ∞         Reflect  .   (no helmet)
rElec    .         Harm     .   (no cloak)
rCorr    .         Rampage  .   (no gloves)
Will     .....                  (boots unavailable)
Stlth    +.........             (no amulet)
HPRegen  0.10/turn              g - ring of protection from cold
MPRegen  0.00/turn              (no ring)

@: flying
A: sickness immunity, fire resistance 2, cold vulnerability 1, float, innate
caster, hp casting, extra vitality 1
a: Renounce Religion, Berserk


You were on level 1 of the Dungeon.
You worshipped Trog.
Trog was aware of your devotion.
You visited 1 branch of the dungeon, and saw 2 of its levels.

You collected 74 gold pieces.

Inventory:

Hand Weapons
 a - a +2 dagger
 c - a +0 short sword
 n - a +2 dagger of holy wrath (weapon)
Missiles
 h - 28 arrows
 i - 64 stones (quivered)
Armour
 d - a +0 ring mail (worn)
Jewellery
 g - a ring of protection from cold (left hand)
Scrolls
 e - a scroll of immolation {unknown}
 f - 2 scrolls of amnesia {unknown}
 k - a scroll of teleportation {unknown}
 l - a scroll of magic mapping {unknown}
 m - a scroll of brand weapon {unknown}
Potions
 b - a potion of berserk rage
 j - 3 potions of curing {unknown}


   Skills:
 - Level 3.0 Fighting
 + Level 3.1 Short Blades
 - Level 1.0 Maces & Flails
 - Level 3.0 Armour
 - Level 1.5 Stealth


You had one spell level left.
You knew the following spells:

 Your Spells              Type           Power      Damage    Failure   Level
a - Sting                 Tmut/Pois      0%         1d3       65%         1
Your spell library was empty.

Dungeon Overview and Level Annotations

Branches:
Dungeon (2/15)

Altars:
Trog


Innate Abilities, Weirdness & Mutations

You are immune to sickness and miasma.
You are immune to poison.
Your flesh is very heat resistant. (rF++)
You are vulnerable to cold. (rC-)
You float through the air rather than walking.
You learn spells naturally, not from books.
Your magical power is your life essence.
You have superior vitality. (+4 HP)


Message History

You start waiting.
Done waiting.
You fly downwards.
The gnoll hits you but does no damage.
There is a stone staircase leading up here.
You hit the gnoll.
The gnoll is lightly wounded.
The gnoll hits you with a +0 flail. The gnoll hits you but does no damage.
The gnoll hits you with a +0 flail!
You fly upwards.
The gnoll disappears!
There is a stone staircase leading down here.
You are too injured to fight recklessly!
You are too injured to fight recklessly!
You are too injured to fight recklessly!
You are too injured to fight recklessly!
You completely miss the gnoll. You hit the gnoll but do no damage.
The gnoll hits you with a +0 club.
You closely miss the gnoll. The gnoll hits you but does no damage.
You hit the gnoll.
The gnoll is lightly wounded.
The gnoll hits you with a +0 club.
* * * LOW HITPOINT WARNING * * *
You barely miss the gnoll.
The gnoll is lightly wounded.
The gnoll hits you but does no damage.
You hit the gnoll.
The gnoll is heavily wounded.
The gnoll hits you but does no damage.
You barely miss the gnoll.
The gnoll is heavily wounded.
The gnoll hits you with a +0 club.
* * * LOW HITPOINT WARNING * * *
You hit the gnoll.
The gnoll is heavily wounded.
You hit the gnoll but do no damage.
The gnoll is heavily wounded.
The gnoll barely misses you.
You hit the gnoll but do no damage.
The gnoll is heavily wounded.
The gnoll hits you with a +0 club.
You die...

.# #.#####.##.# #.# ##
#.......##.# #.# #######
####.#####.# #.# ......#
#.# #.# #.# #####.# #.#
##.## #.# #.# #.#
#...######.## #.# #.#
##...........# #.# ###
#....####....#
#.##########@# ###.##
#...... #..........#g#
#.# #......
################^# #.#
#...... .....# ########
#.# ###...# .)##.#
#......# #.# #...# ..##.#
#####....<.###.#######.##
..##.#
#..........#...........#
..##.#
#.###......###.#####...#
..##.# #.# ##.....# #..#
#.#.#


You could see a gnoll.

Vanquished Creatures
  A gnoll (D:1)
  2 endoplasms
  4 giant cockroaches (D:1)
  3 goblins (D:1)
  A hobgoblin (D:1)
  2 jackals (D:1)
  A quokka (D:1)
  3 ball pythons (D:1)
  A bat (D:1)
  3 frilled lizards (D:1)
  7 kobolds (D:1)
  3 rats (D:1)
31 creatures vanquished.

Notes
Turn   | Place    | Note
-------+----------+-------------------------------------------
     0 | D:1      | dolemite99 the Djinni Wanderer began the quest for the Orb.
     0 | D:1      | Reached XP level 1. HP: 20/20 MP: 0/0
   325 | D:1      | Reached XP level 2. HP: 16/25 MP: 0/0
   936 | D:1      | Reached XP level 3. HP: 30/30 MP: 0/0
   936 | D:1      | Learned a level 1 spell: Sting
  1236 | D:1      | Found a faded altar of an unknown god.
  1302 | D:1      | Became a worshipper of Trog the Wrathful
  1302 | D:1      | Reached * piety under Trog
  2212 | D:1      | Slain by a gnoll

Illustrated notes

Levels and vault maps discovered:
D:1:      elethiomel_arrival_shortcut, layout_loops_ring,
          chequers_ecumenical_altar_lobes, roderic_cross_of_infinity,
          minmay_small_reverse_x
D:2:      layout_basic, basic_altar

Skill      XL: |  1  2  3 |
---------------+----------+-----
Short Blades   | 2 3 |  3.1
Fighting       | |  3.0
Maces & Flails | |  1.0
Armour         | |  3.0
Stealth        | |  1.5

Action                   || total
-------------------------++-------
Melee: Dagger            ||   134
Throw: Stone             ||    32
Armor: Ring mail         ||    52
Dodge: Dodged            ||    51
